 Dungeon Crawl Stone Soup version 0.31-a0-703-gcfe89afef6 (webtiles) character file.

Game seed: 11549833649966381771

108 qw the Shooter (level 4, 0/28 HPs)
             Began as a Gargoyle Hunter on Sept 8, 2023.
             Slain by a centaur (1 damage)
             ... on level 3 of the Dungeon.
             The game lasted 00:00:33 (1533 turns).

qw the Shooter (Gargoyle Hunter)                    Turns: 1533, Time: 00:00:34

Health: 0/28       AC:  8    Str: 15    XL:     4   Next: 87%
Magic:  4/4        EV: 11    Int:  9    God:
Gold:   65         SH:  0    Dex: 15    Spells: 3/3 levels left

rFire   . . .        Y - +3 shortbow
rCold   . . .        (shield currently unavailable)
rNeg    + . .        f - +0 ring mail
rPois   inf          (no helmet)
rElec   +            (no cloak)
rCorr   .            (no gloves)
SInv    .            (no boots)
Will    +....        (no amulet)
Stlth   +            l - ring of willpower
HPRegen 0.24/turn    (no ring)
MPRegen 0.09/turn

%: no passive effects
@: no status effects
A: sickness immunity, AC +3, negative energy resistance 1, electricity
resistance, torment resistance 1, petrification resistance
a: no special abilities


You were on level 3 of the Dungeon.
You visited 1 branch of the dungeon, and saw 3 of its levels.

You collected 65 gold pieces.


Innate Abilities, Weirdness & Mutations

You are immune to sickness and miasma.
Your stone body is resilient. (AC +3)
You are immune to poison.
You resist negative energy. (rN+)
You are resistant to electric shocks. (rElec)
You are resistant to unholy torment.
You are immune to petrification.


   Skills:
 - Level 3.4 Fighting
 + Level 5.4 Ranged Weapons
 - Level 1.0 Armour
 - Level 1.5 Dodging
 - Level 1.1 Stealth


You had 3 spell levels left.
You didn't know any spells.
Your spell library was empty.

Inventory:

Hand Weapons
 Y - a +3 shortbow (weapon)
Armour
 f - a +0 ring mail (worn)
Jewellery
 l - a ring of willpower (left hand)
Scrolls
 c - 2 scrolls of identify
Potions
 a - a potion of brilliance {unknown}
 b - a potion of heal wounds {unknown}
 d - a potion of enlightenment
 e - a potion of might {unknown}
 i - a potion of attraction {unknown}
 j - a potion of curing

Dungeon Overview and Level Annotations

Branches:
Dungeon (3/15)

Altars:


Message History

The centaur shouts!
The arrow hits the hobgoblin.
The hobgoblin is almost dead.
The hobgoblin hits you but does no damage.
A gnoll comes into view. It is wielding a +0 spear.
You shoot an arrow. The gnoll shouts!
The arrow hits the hobgoblin.
You kill the hobgoblin!
You hear a shout!
You shoot an arrow. The arrow closely misses the gnoll.
You shoot an arrow. The arrow hits the centaur.
The centaur is lightly wounded.
The gnoll hits you from afar with a +0 halberd!
The centaur barely misses you. The centaur kicks you.
The gnoll closely misses you.
You shoot an arrow. The arrow barely misses the centaur.
The arrow hits the gnoll!
The gnoll is severely wounded.
The centaur barely misses you. The centaur closely misses you.
The centaur hits you but does no damage.
The centaur kicks you. The gnoll hits you but does no damage.
A kobold comes into view. It is wielding a +0 dagger.
You shoot an arrow. The arrow hits the centaur!
The centaur is moderately wounded.
The centaur hits you but does no damage.
The centaur closely misses you. The centaur hits you. The centaur misses you.
The gnoll closely misses you.
You shoot an arrow. The arrow closely misses the centaur.
The arrow barely misses the gnoll.
The arrow hits the kobold.
You kill the kobold!
The centaur hits you.
The centaur kicks you but does no damage.
The gnoll hits you from afar with a +0 spear.
The gnoll closely misses you. The centaur barely misses you.
The centaur kicks you but does no damage.
You shoot an arrow. The arrow hits the centaur.
The centaur is heavily wounded.
The centaur hits you. The centaur kicks you.
You die...

..oo.<.<.........
#####.#).....## #
#.)....# #.#...)#
#.#.#.....#
#.##....### #.#
......
###.#######.#
.####..#
.......@....# .#
.. ######c######
.# .


#gg .# .%.. ..... ....... .)..... ....... You could see a centaur and 2 gnolls.

Vanquished Creatures
  2 orc wizards (D:3)
  3 dart slugs
  3 orcs (D:3)
  3 bats
  4 endoplasms (D:2)
  2 giant cockroaches (D:2)
  7 goblins
  A hobgoblin (D:3)
  4 jackals (D:1)
  2 quokkas (D:2)
  4 ball pythons
  2 frilled lizards
  7 kobolds
  2 rats
46 creatures vanquished.

Notes
Turn   | Place    | Note
-------+----------+-------------------------------------------
     0 | D:1      | qw the Gargoyle Hunter began the quest for the Orb.
     0 | D:1      | Reached XP level 1. HP: 12/12 MP: 1/1
     0 | D:1      | 0 ||| qw: Version: 0.3-a-76-g4403597
     0 | D:1      | 0 ||| qw: Game counter: 1290
     0 | D:1      | 0 ||| qw: Melee chars always use a shield: true
     0 | D:1      | 0 ||| qw: God list: Okawaru
     0 | D:1      | 0 ||| qw: Allow faded altars: false
     0 | D:1      | 0 ||| qw: Do Orc after clearing Dungeon:15 true
     0 | D:1      | 0 ||| qw: Do second Lair branch before Depths: true
     0 | D:1      | 0 ||| qw: Lair rune preference: random
     0 | D:1      | 0 ||| qw: Goals: Normal
     0 | D:1      | 0 ||| PLANNING D:1-11
   125 | D:1      | Reached XP level 2. HP: 17/17 MP: 2/2
   293 | D:1      | 293 ||| Stepping ~*~*~tactically~*~*~ (retreating).
   294 | D:1      | 294 ||| Stepping ~*~*~tactically~*~*~ (retreating).
   295 | D:1      | 295 ||| RETREATING.
   297 | D:1      | 297 ||| Stepping ~*~*~tactically~*~*~ (retreating).
   298 | D:1      | 298 ||| Stepping ~*~*~tactically~*~*~ (retreating).
   816 | D:1      | Reached XP level 3. HP: 21/21 MP: 3/3
   974 | D:1      | 974 ||| UPGRADING to +0 ring mail.
   984 | D:1      | 984 ||| DROPPING +0 leather armour.
   985 | D:1      | 985 ||| UPGRADING to ring of willpower.
   986 | D:1      | 986 ||| READING 3 scrolls labelled CEF XATUADDAA.
   987 | D:1      | 987 ||| READING 2 scrolls of enchant weapon.
   987 | D:1      | 987 ||| ENCHANTING +1 shortbow.
   988 | D:1      | 988 ||| READING scroll of enchant weapon.
   988 | D:1      | 988 ||| ENCHANTING +2 shortbow.
   989 | D:1      | 989 ||| READING scroll labelled WIADDO APSEMA.
   990 | D:1      | 990 ||| READING scroll labelled DUHAHI IVOO.
   991 | D:1      | 991 ||| READING scroll labelled LAATZO XAUC.
   992 | D:1      | 992 ||| DRINKING 2 glowing white potions.
   993 | D:1      | 993 ||| DROPPING scroll of butterflies.
  1008 | D:2      | 1008 ||| STAIRDANCE
  1014 | D:2      | 1014 ||| STAIRDANCE
  1056 | D:2      | Reached skill level 1 in Armour
  1101 | D:2      | Reached skill level 5 in Ranged Weapons
  1447 | D:2      | 1447 ||| READING scroll labelled BOPESU YPROCA.
  1448 | D:2      | 1448 ||| DRINKING 2 black potions.
  1477 | D:3      | 1477 ||| RETREATING.
  1483 | D:3      | Reached skill level 3 in Fighting
  1483 | D:3      | Reached XP level 4. HP: 26/28 MP: 4/4
  1525 | D:3      | Noticed a centaur
  1532 | D:3      | HP: 5/28 [gnoll/+0 spear (4)]
  1533 | D:3      | HP: 1/28 [centaur (5)]
  1533 | D:3      | Slain by a centaur

Levels and vault maps discovered:
D:1:      saegor_arrival_fortress, layout_basic
D:2:      layout_rooms
D:3:      layout_basic, tso_metal_star

Skill      XL: |  1  2  3 |
---------------+----------+-----
Armour         | 1 |  1.0
Ranged Weapons | 5 |  5.4
Fighting       | 3 |  3.4
Dodging        | |  1.5
Stealth        | |  1.1

Action                     |  1- 3 |  4- 6 || total
---------------------------+-------+-------++-------
   Fire: Shortbow          |    93 |    24 ||   117
    Use: Scroll            |     7 |       ||     7
         Potion            |     2 |       ||     2
 Armour: Leather armour    |    17 |       ||    17
         Ring mail         |     7 |    20 ||    27
  Dodge: Dodged            |    13 |     9 ||    22

Table legend:
 A = Non-vault XP
 B = Vault XP
 C = Vault XP percentage of total XP
 D = Non-vault monster count
 E = Vault monster count
 F = Vault count percentage of total count
                 A         B        C        D         E       F
            +---------+---------+-------+---------+---------+-------
      Total |     155 |       0 |   0.0 |      46 |       0 |   0.0
            +---------+---------+-------+---------+---------+-------
        D:1 |      34 |       0 |   0.0 |      18 |       0 |   0.0
        D:2 |      35 |       0 |   0.0 |      20 |       0 |   0.0
        D:3 |      86 |       0 |   0.0 |       8 |       0 |   0.0
            +---------+---------+-------+---------+---------+-------
